 Dungeon Crawl Stone Soup version 0.20-a0-331-g5b3579f (webtiles) character file.

54 Amnesiac the Sneak (level 3, 0/24 HPs)
             Began as a Vampire Enchanter on Dec 21, 2016.
             Slain by a big kobold
             ... wielding a +0 dagger
              (6 damage)
             ... in a sewer.
             The game lasted 00:03:16 (1050 turns).

Amnesiac the Sneak (Vampire Enchanter)              Turns: 1050, Time: 00:03:17

Health: 0/24       AC:  3    Str:  7    XL:     3   Next: 66%
Magic:  2/6        EV: 13    Int: 18    God:
Gold:   12         SH:  0    Dex: 19    Spells: 0/6 levels left

rFire  . . .     SeeInvis +     a - +1 dagger
rCold  + . .     Gourm    .     b - +1 robe
rNeg   + + .     Faith    .     (no shield)
rPois  +         Spirit   .     (no helmet)
rElec  .         Reflect  .     (no cloak)
rCorr  .         Harm     .     (no gloves)
MR     .....                    (no boots)
Stlth  ++++......               (no amulet)
                                (no ring)
                                g - +5 ring of dexterity

@: regenerating slowly
A: fangs 3, see invisible, unbreathing
a: Bat Form


You were in a sewer.
You were thirsty.

You visited 1 branch of the dungeon, and saw 4 of its levels.
You also visited: Sewer.

You collected 12 gold pieces.

Inventory:

Hand Weapons
 a - a +1 dagger (weapon)
Missiles
 f - a throwing net (quivered)
Armour
 b - a +1 robe (worn)
Jewellery
 g - a +5 ring of dexterity (left hand)
Scrolls
 e - a scroll of enchant armour {unknown}
 h - a scroll of fog {unknown}
 i - a scroll of enchant weapon {unknown}
 j - a scroll of blinking {unknown}
 l - a scroll of magic mapping {unknown}
Potions
 d - 3 potions of blood
Books
 c - a book of Maledictions

   Spells                             Type                      Level
   a - Corona                         Hexes                        1
   b - Ensorcelled Hibernation        Hexes/Ice                    2
   c - Confuse                        Hexes                        3
   d - Tukima's Dance                 Hexes                        3
   e - Dazzling Spray                 Conjuration/Hexes            3


   Skills:
 + Level 1.2 Short Blades
 + Level 2.5 Dodging
 * Level 5.6 Stealth
 + Level 2.3 Spellcasting
 * Level 5.1 Hexes


You couldn't memorise any spells.
You knew the following spells:

 Your Spells              Type           Power        Failure   Level  Hunger
e - Confuse               Hex            ###.....     10%         3    ###....
f - Corona                Hex            ###....      1%          1    #......
z - Ensorcelled Hibernat  Hex/Ice        ##....       12%         2    ##.....


Dungeon Overview and Level Annotations

Branches:
Dungeon (4/15)
 Temple: D:4-7

Altars:

Annotations:
D:3 1 runed door


Innate Abilities, Weirdness & Mutations

You heal slowly.
You have razor-sharp teeth.
You have supernaturally acute eyesight. (SInv)
You can survive without breathing.


Message History

The big kobold hits you with a dagger.
* * * LOW HITPOINT WARNING * * *
You hit the big kobold.
The big kobold is lightly wounded.
The big kobold barely misses you.
You hit the big kobold but do no damage.
The big kobold is lightly wounded.
The big kobold hits you but does no damage.
You hit the big kobold.
The big kobold is lightly wounded.
The big kobold misses you.
You closely miss the big kobold.
The big kobold is lightly wounded.
The big kobold barely misses you.
You hit the big kobold but do no damage.
The big kobold is lightly wounded.
You completely miss the big kobold.
The big kobold is lightly wounded.
The big kobold hits you with a dagger.
You die... ############################## #....∩.∩.....@KKK≈≈≈≈≈≈≈≈≈≈≈≈≈ ##############################

You could see a big kobold and 2 kobolds.

Vanquished Creatures
  An adder (D:2)
  2 river rats (Sewer)
  An ooze (D:2)
  4 leopard geckos (D:3)
  3 bats
  A giant cockroach (D:3)
  2 goblins (D:1)
  2 hobgoblins
  A quokka (D:3)
  2 kobolds
  5 rats
24 creatures vanquished.

Notes
Turn   | Place    | Note
-------+----------+-------------------------------------------
     0 | D:1      | Amnesiac the Vampire Enchanter began the quest for the Orb.
     0 | D:1      | Reached XP level 1. HP: 13/13 MP: 3/3
   533 | D:2      | Reached XP level 2. HP: 19/19 MP: 5/5
   602 | D:3      | Found a runed door.
   723 | D:2      | Reached skill level 5 in Stealth
   806 | D:3      | Reached XP level 3. HP: 13/24 MP: 4/6
   811 | D:3      | Learned a level 3 spell: Confuse
   817 | D:3      | Found a glowing drain.
   870 | Sewer    | Entered a sewer
   888 | Sewer    | Reached skill level 5 in Hexes
  1007 | Sewer    | Noticed a big kobold
  1016 | Sewer    | Learned a level 2 spell: Ensorcelled Hibernation
  1050 | Sewer    | Slain by a big kobold

Vault maps used:
D:1:      denvon_arrival_hothouse
D:2:      lemuel_crystal_altar, first_bread, grunt_ministairs_12,
          kennysheep_boxes
D:3:      nicolae_tso_swordbearing_angel, portal_sewer_entry_f,
          uniq_crazy_yiuf_cottage, uniq_terence, uniq_jessica
D:4:      kennysheep_slugbush, fedhas_bush_and_centaur_altar, serial_shops,
          shop, nicolae_ru_awakened_eye
Sewer:    sewer_kobolds

Skill      XL: |  1  2  3 |
---------------+----------+-----
Stealth        | 5 |  5.6
Hexes          | 5 |  5.1
Short Blades   | |  1.2
Dodging        | |  2.5
Spellcasting   | |  2.3

Action                   || total
-------------------------++-------
Melee: Dagger            ||    88
       Bite              ||     8
 Cast: Corona            ||     8
       Confuse           ||     4
       Ensorcelled Hiber ||     2
  Use: Potion            ||     2
 Stab: Sleeping          ||     8
       Confused          ||     1
Armor: Robe              ||    13
Dodge: Dodged            ||    53
